 Dungeon Crawl Stone Soup version bcrawl-1.35.4b (webtiles) character file.

Game seed: 7224252763309833150

8258145 Artagas the Impaler (level 18, -4/144 HPs)
             Began as an Oni Skald on Jan 27, 2022.
             Was the Champion of Hepliaklqana.
             Killed by the raging water
             ... invoked by a water nymph
              (25 damage)
             ... on level 3 of the Shoals on Jan 28, 2022.
             The game lasted 02:27:57 (34403 turns).

Artagas the Impaler (Oni Skald)                    Turns: 34403, Time: 02:27:58

Health: -4/144     AC: 19    Str: 29    XL:     18   Next: 38%
Magic:  0/42       EV: 17    Int: 16    God:    Hepliaklqana [******]
Gold:   954        SH:  3    Dex: 16    Spells: 1/35 levels left

rFire    . . .     SeeInvis .   b - +8 hunting sling "Fajarch" {velocity, rC+ rN+ MR- Str+3}
rCold    + . .     Gourm    .   (no shield)
rNeg     + + +     Faith    .   J - +3 ring mail "Jigeniah" {rN+ Str+6 Dex+4}
rPois    +         Spirit   +   T - +2 hat of the Bear Spirit {Spirit, +Rage rN+ MR++}
rElec    .         Reflect  +   z - +2 cloak {rPois}
rCorr    .                      X - +0 pair of gloves
MR       +++..                  N - +1 pair of boots {Stlth++}
Stlth    +.........             l - +3 amulet of reflection
HPRegen  0.34/turn              g - ring of magical power
MPRegen  0.28/turn              m - ring of protection from magic

@: igniting projectiles, hasted, quick
A: oni magic, reduced essence, claws 1, fangs 1, horns 1
}: 1/15 runes: gossamer
a: Recall Ancestor, Ancestor Identity, Transference, Incarnate, Renounce
Religion, Evoke Berserk Rage


You were on level 3 of the Shoals.
You worshipped Hepliaklqana.
Hepliaklqana was exalted by your worship.
You were not hungry.

You visited 6 branches of the dungeon, and saw 26 of its levels.
You also visited: Ice Cave.

You collected 2186 gold pieces.
You spent 1232 gold pieces at shops.

Inventory:

Hand Weapons
 a - the +5 scythe "Finisher" {speed, eviscerate}
   (You found it on level 10 of the Dungeon)

   Attacks with this weapon are significantly faster.
 b - the +8 hunting sling "Fajarch" (weapon) {velocity, rC+ rN+ MR- Str+3}
   (You found it on level 5 of the Dungeon)

   Any stone fired from it inflicts extra damage.
   It affects your strength (+3).
   It protects you from cold.
   It protects you from negative energy.
   It affects your resistance to hostile enchantments.
Missiles
 r - 7 throwing nets {=f}
 x - 3264 sling bullets (quivered)
 H - 92 poisoned tomahawks
Armour
 z - a +2 cloak of poison resistance (worn)
   (You bought it in a shop on level 2 of the Shoals)
 J - the +3 ring mail "Jigeniah" (worn) {rN+ Str+6 Dex+4}
   (You found it on level 3 of the Lair of Beasts)

   It affects your strength (+6).
   It affects your dexterity (+4).
   It protects you from negative energy.
 N - a +1 pair of boots of stealth (worn)
   (You found it in an ice cave)
 T - the +2 hat of the Bear Spirit (worn) {Spirit, +Rage rN+ MR++}
   (You found it on level 4 of the Lair of Beasts)

   It protects you from negative energy.
   It affects your resistance to hostile enchantments.
   It lets you go berserk.
 X - a +0 pair of gloves (worn)
   (You found it on level 6 of the Lair of Beasts)
 Y - +0 storm dragon scales
   (You found it on level 6 of the Lair of Beasts)
Jewellery
 g - a ring of magical power (left hand)
   (You took it off a hobgoblin on level 1 of the Dungeon)
 i - an uncursed ring of see invisible
   (You found it on level 3 of the Spider Nest)
 l - a +3 amulet of reflection (around neck)
   (You found it on level 2 of the Dungeon)
 m - a ring of protection from magic (right hand)
   (You found it on level 9 of the Dungeon)
 n - an uncursed ring of positive energy
   (You found it on level 11 of the Dungeon)
 B - the ring "Qaoryo" {+Fly rPois rC- MR+}
   (You found it on level 2 of the Shoals)

   [ring of flight]

   It makes you vulnerable to cold.
   It protects you from poison.
   It affects your resistance to hostile enchantments.
   It lets you fly.
Wands
 j - a wand of flame (61)
   (You found it on level 9 of the Dungeon)
 v - a wand of digging (20)
   (You found it on level 3 of the Dungeon)
 C - a wand of acid (15)
   (You found it on level 6 of the Dungeon)
 D - a wand of disintegration (27)
   (You found it on level 4 of the Dungeon)
 G - a wand of enslavement (12)
   (You found it on level 3 of the Lair of Beasts)
 L - a wand of clouds (3)
   (You found it on level 5 of the Dungeon)
 S - a wand of random effects (12)
   (You found it on level 4 of the Lair of Beasts)
 Z - a wand of iceblast (6)
   (You found it on level 6 of the Lair of Beasts)
Scrolls
 f - 3 scrolls of enchant armour
 o - 2 scrolls of immolation
 t - 5 scrolls of teleportation
 w - 2 scrolls of noise
 E - 5 scrolls of magic mapping
 F - 2 scrolls of fear
 K - 3 scrolls of fog
 M - 11 scrolls of remove curse
 Q - 6 scrolls of amnesia
Potions
 c - 7 potions of mutation
 d - 2 potions of flight
 h - 4 potions of haste
 k - 2 potions of cancellation
 q - 3 potions of curing
 s - 7 potions of agility
 A - 3 potions of resistance
 I - 5 potions of ambrosia
 O - 2 potions of invisibility
 P - 7 potions of lignification
 U - a potion of brilliance
 W - a potion of berserk rage
Miscellaneous
 y - a phial of floods
   (You found it on level 11 of the Dungeon)
Comestibles
 e - 38 rations {!d}


   Skills:
 - Level 14.0 Fighting
   Level 5.9(7.0) Short Blades
   Level 6.1(7.5) Long Blades
 + Level 16.1 Polearms
 - Level 11.0 Slings
 + Level 9.3 Armour
 + Level 9.2 Dodging
 - Level 9.0 Spellcasting
   Level 9.0 Conjurations
   Level 9.0 Hexes
   Level 9.0 Charms
   Level 9.0 Summonings
   Level 9.0 Necromancy
   Level 9.0 Translocations
   Level 9.0 Transmutations
   Level 9.0 Fire Magic
   Level 9.0 Ice Magic
   Level 9.0 Air Magic
   Level 9.0 Earth Magic
   Level 9.0 Poison Magic
 - Level 7.0 Invocations
 - Level 7.0 Evocations


You had one spell level left.
You knew the following spells:

 Your Spells              Type           Power        Failure   Level  Hunger
a - Infusion              Chrm           #####...     1%          1    None
b - Song of Slaying       Chrm           #####...     1%          2    None
c - Spectral Weapon       Hex/Chrm       #####...     1%          3    None
d - Flaming Arrows        Chrm/Fire      #####...     1%          2    None
e - Summon Lightning Spi  Summ/Air       #####...     10%         5    ####...
f - Swiftness             Chrm/Air       #####...     1%          2    None
g - Ozocubu's Armour      Chrm/Ice       #####...     1%          3    None
h - Regeneration          Chrm/Necr      #####.....   1%          3    None
i - Call Canine Familiar  Summ           #####...     1%          3    None
j - Summon Mana Viper     Hex/Summ       #####...     10%         5    ####...
k - Lee's Rapid Deconstr  Erth           #####.....   5%          5    ####...

Your spell library contained the following spells:

 Spells                   Type           Power        Failure   Level  Hunger
 Inner Flame              Hex/Fire       N/A          1%          3    None
 Airstrike                Air            #####.....   1%          4    ##.....
 Ozocubu's Refrigeration  Ice            #####.....   30%         6    ######.
 Steam Barrier            Chrm/Fire      #####.....   45%         6    ######.


Dungeon Overview and Level Annotations

Branches:
Dungeon (12/12)            Temple (1/1) D:6            Lair (6/6) D:8
 Shoals (3/3) Lair:2       Spider (3/3) Lair:4        Slime (0/5) Lair:5
    Orc (1/1) D:11            Elf (0/3) Orc          Vaults (0/3) D:12
 Depths (0/5) D:12

Altars:
Ashenzari
Cheibriados
Dithmenos
Elyvilon
Fedhas
Gozag
Hepliaklqana
Kikubaaqudgha
Lugonu
Makhleb
Nemelex Xobeh
Okawaru
Qazlal
Ru
Sif Muna
Trog
Uskayaw
Vehumet
Wu Jian
Xom
Yredelemnul
Zin
The Shining One
Beogh
Jiyva

Shops:
D:5 *   Orc (?!:   Shoals:2 [

Portals:
Trove: D:12 (give 6 scrolls of blinking)

Annotations:
Orc 1 runed translucent door, t4s4d4r's ghost, journeyman OnGl


Innate Abilities, Weirdness & Mutations

You learn spells by gaining experience, not through books or religion.
You only train spellcasting to practice magic.
You have sharp fingernails.
You have very sharp teeth.
You have a pair of small horns on your head.
Your life essence is reduced to manifest your ancestor. (-10% HP)


Message History

The merfolk impaler dies!
You hear a splash. x2
The manticore bites you!
* * * LOW HITPOINT WARNING * * *
The manticore barely misses you. The manticore misses you.
You barely miss the manticore.
You headbutt the manticore, but do no damage.
The manticore is severely wounded.
Your mana viper bites the manticore!
The manticore dies!
Casting: Summon Mana Viper (slightly dangerous; 10% risk of failure)
Confirm with . or Enter, or press ? or * to list all spells.
Okay, then.
Casting: Summon Mana Viper (slightly dangerous; 10% risk of failure)
Confirm with . or Enter, or press ? or * to list all spells.
Your skin crawls.
You carefully extract the barbed spikes from your body.
Some of the chunks of flesh in your inventory have rotted away.
Your skin is crawling a little less now.
Your mana viper disappears in a puff of smoke!
Your magical contamination has completely faded away.
Your skin stops crawling.
You start resting.
Eating one of 4 chunks of flesh.
You eat one of the 4 chunks of flesh.
This raw flesh tastes terrible.
All of the chunks of flesh in your inventory have rotted away.
A water nymph comes into view.
A water nymph is nearby!
You feel stronger.
b - the +8 hunting sling "Fajarch" (weapon)
{velocity, rC+ rN+ MR- Str+3} The water nymph gestures at you.
The torrent of water misses you.
The wave splashes down.
Splash!
You fall into the shallow water.
Moving in this stuff is going to be slow.
You hear a shout! x5; You hear an angry hiss. x2; You hear a shout! x3
Casting: Regeneration (safe; 1% risk of failure)
Confirm with . or Enter, or press ? or * to list all spells.
You begin infusing your projectiles with flame.
The water nymph gestures at you. The water swirls and strikes you.
Firing (i - inventory. (/) - cycle)
x - 3266 sling bullets (quivered)
Press: ? - help, Shift-Dir - straight line, f - water nymph
Aim: a water nymph You shoot a sling bullet.
The sling bullet closely misses the water nymph.
A water nymph comes into view.
Firing (i - inventory. (/) - cycle)
x - 3265 sling bullets (quivered)
Press: ? - help, Shift-Dir - straight line, f/p - water nymph
Aim: a water nymph (water)
You shoot a sling bullet.
The sling bullet barely misses the water nymph.
The water nymph gestures at you. The water swirls and strikes you!
Evoke which item? (* to show all) (? for menu, Esc to quit)
Aiming: Throw Flame
Press: ? - help, Shift-Dir - straight line, f/p - water nymph
Aim: a water nymph (water)
The water nymph is engulfed in a cloud of scalding steam.
Necuametl closely misses the water nymph.
The water nymph gestures at you. The water swirls and strikes you!!
* * * LOW HITPOINT WARNING * * *
Okay, then.
Okay, then.
You feel better.
The water nymph is engulfed in a cloud of scalding steam.
The water nymph gestures at you. The water swirls and strikes you!!
* * * LOW HITPOINT WARNING * * *
Okay, then.
Okay, then.
Press: ? - help, v - describe, . - travel
Here: a water nymph (water, heavily wounded)
Okay, then.
Okay, then.
Press: ? - help, v - describe, . - travel
Here: a water nymph (water, heavily wounded)
Casting: Flaming Arrows (safe; 1% risk of failure)
Confirm with . or Enter, or press ? or * to list all spells.
Okay, then.
Okay, then.
Okay, then.
Okay, then.
You feel better.
Necuametl hits the water nymph with a +0 broad axe of flaming!
Necuametl burns the water nymph.
The water nymph is engulfed in a cloud of scalding steam.
The water nymph gestures at you. The torrent of water misses you.
The wave splashes down.
You hear an angry hiss. x2; You hear a shout!
You feel yourself speed up. The water nymph gestures at you.
The water swirls and strikes you. The water nymph gestures at you.
The water swirls and strikes you.
* * * LOW HITPOINT WARNING * * *
A merfolk comes into view.
It is wielding a +0 trident and quivering 136 poisoned tomahawks.
The water nymph gestures at you. The water swirls and strikes you!!
You die...

≈≈≈≈≈≈....###...##'##≈≈≈≈
≈≈≈≈≈≈..##......≈≈≈≈≈≈
≈≈≈≈≈≈.##......≈≈≈≈≈≈
.######≈≈≈≈≈.#.......≈≈≈≈≈≈
......≈≈≈≈≈≈.##......≈≈≈≈≈≈
..≈..#.≈§m≈≈.#.......≈≈≈≈≈≈
........Rm≈≈##......≈≈≈≈≈≈≈
.......)≈≈###.......≈≈≈≈≈≈≈
.........≈@........≈≈≈≈≈≈≈≈
≈≈.≈≈≈≈.≈≈.......m.≈≈≈≈≈≈≈
≈≈≈≈≈≈≈..#####....≈≈≈≈≈≈≈
≈≈.≈≈≈..## ##...≈≈≈≈≈≈
...≈≈≈..# #..≈≈≈≈≈≈
....≈≈†.# ..≈≈≈≈≈ ###...≈≈#
.≈≈≈≈≈≈ #..≈≈≈# ≈≈≈≈≈
#.≈≈≈≈§


You could see the friendly Necuametl the knight, a merfolk and 2 water nymphs.

Vanquished Creatures
  2 ghost moths
  6 emperor scorpions
  An entropy weaver (Spider:2)
  A dire elephant (Lair:6)
  3 spark wasps
  3 merfolk javelineers
  3 merfolk impalers
  9 hydras
  Psyche (D:7)
  4 centaur warriors
  An anaconda (Lair:6)
  5 two-headed ogres
  A death yak (Lair:5)
  8 sea snakes
  A satyr (Shoals:1)
  An orc high priest (Orc)
  Nergalle (D:9)
  A goliath frog (Lair:6)
  An unseen horror (D:12)
  An orange crystal statue (Spider:3)
  2 cyclopes
  13 harpies
  A wizard (Lair:6)
  3 orc knights
  18 wolf spiders
  A harpy (shapeshifter) (D:12)
  An oklob plant (Lair:2)
  16 orb spiders
  9 manticores
  5 orc sorcerers (Orc)
  2 ugly things (D:12)
  13 fauns
  A deep elf mage (D:11)
  A centaur zombie (D:8)
  11 elephants (Lair:6)
  2 moths of wrath (Spider:2)
  4 black mambas
  2 ice statues (IceCv)
  5 water nymphs (Shoals:3)
  10 cane toads
  A gargoyle (D:9)
  3 torpor snails
  4 rime drakes
  5 komodo dragons
  8 demonic crawlers
  11 ice devils (IceCv)
  A tengu conjurer (D:11)
  20 merfolk
  7 trolls
  22 jumping spiders
  4 slime creatures (D:12)
  10 hornets
  A wind drake (Shoals:1)
  A polar bear (Lair:6)
  Prince Ribbit (D:8)
  8 blink frogs
  10 hippogriffs
  3 snapping turtles
  13 dream sheep
  A shadow (D:12)
  16 tarantellas
  A spriggan (Lair:5)
  2 water elementals
  50 redbacks
  4 wraiths (D:10)
  43 yaks
  7 humans (D:12)
  A steam dragon (D:9)
  Menkaure (D:4)
  2 hungry ghosts
  3 wargs
  2 acid dragons
  4 water moccasins
  8 crocodiles
  2 hell hounds (Lair:6)
  A sky beast (D:7)
  A black bear (Lair:5)
  3 ice beasts
  12 orc warriors
  A phantom (D:7)
  9 wolves
  3 ogres
  2 necrophages
  3 centaurs
  2 big kobolds
  7 bullfrogs
  A scorpion (D:8)
  16 killer bees
  4 wights
  12 electric eels
  19 orc priests
  4 crimson imps
  A howler monkey (D:4)
  A bullfrog zombie (D:5)
  A quasit (D:11)
  10 hounds
  2 bullfrog skeletons (D:4)
  4 centaur skeletons
  2 jellies
  Jessica (D:2)
  An iguana (D:11)
  31 orc wizards
  4 worker ants
  A killer bee zombie (D:6)
  2 hound skeletons (D:4)
  A worker ant zombie (D:5)
  10 adders
  4 gnolls (D:3)
  2 shadow imps (D:8)
  3 white imps (IceCv)
  3 ufetubi (IceCv)
  3 oozes
  An adder skeleton (D:6)
  5 worms
  4 dart slugs
  6 leopard geckos
  54 orcs
  A bat (D:1)
  4 goblins (D:1)
  9 hobgoblins
  11 jackals
  8 quokkas
  5 frilled lizards
  A jackal zombie (D:5)
  14 kobolds
  A quokka skeleton (D:5)
  2 rats
  5 tentacles
772 creatures vanquished.

Vanquished Creatures (collateral kills)
  An Ice Fiend (IceCv)
  2 krakens
  4 ghost moths
  2 merfolk impalers
  2 hydras (Lair:6)
  A vault guard (D:12)
  A catoblepas (D:11)
  A two-headed ogre (D:10)
  A satyr (Shoals:2)
  3 sea snakes (Shoals:3)
  A sun demon (Lair:6)
  An unseen horror (D:11)
  A glowing orange brain (D:12)
  4 harpies (Shoals:1)
  9 wolf spiders
  An ugly thing (D:12)
  3 orb spiders
  5 elephants (Lair:6)
  A merfolk siren (Shoals:3)
  3 manticores
  A water nymph (Shoals:1)
  A black mamba (Lair:6)
  3 cane toads
  An orange demon (Lair:6)
  2 komodo dragons
  2 demonic crawlers
  A rime drake (Lair:5)
  A yaktaur (D:10)
  An ice devil (IceCv)
  A komodo dragon (shapeshifter) (D:12)
  A merfolk (Shoals:1)
  A polar bear (Lair:5)
  6 jumping spiders
  A snapping turtle (shapeshifter) (D:12)
  A blink frog (Lair:5)
  A hornet (Spider:3)
  5 dream sheep
  A snapping turtle (Lair:2)
  2 hippogriffs
  27 redbacks
  2 water elementals
  3 humans (D:12)
  3 tarantellas
  13 yaks
  A warg (shapeshifter) (D:12)
  A crocodile (Lair:4)
  4 water moccasins
  3 porcupines
  An eye of draining (D:6)
  6 orc warriors
  A sky beast (D:6)
  A wolf (D:8)
  A centaur (D:12)
  4 bullfrogs
  A killer bee (D:8)
  8 orc priests (Orc)
  A crimson imp (D:12)
  A bullfrog skeleton (D:6)
  A hound (D:8)
  7 orc wizards
  An iguana (D:12)
  A hound skeleton (D:6)
  A mummy (D:11)
  A worker ant zombie (D:7)
  An adder (D:11)
  A white imp (IceCv)
  3 ufetubi (IceCv)
  2 worms
  16 orcs
  2 hobgoblins
  2 fungi
  2 plants
  A tentacle (Shoals:3)
204 creatures vanquished.

Vanquished Creatures (others)
  A vault guard (D:12)
  A deep elf mage (D:12)
  5 knights
  6 ancestors
  4 white imps (IceCv)
  5 ufetubi (IceCv)
  An adder skeleton (D:8)
  An orc (D:12)
  A bush (Lair:6)
  15 fungi
  25 plants
  13 spectral weapons
  10 tentacles
88 creatures vanquished.

Grand Total: 1064 creatures vanquished

Notes
Turn   | Place    | Note
-------+----------+-------------------------------------------
     0 | D:1      | Artagas the Oni Skald began the quest for the Orb.
     0 | D:1      | Reached XP level 1. HP: 17/17 MP: 5/5
   133 | D:1      | Reached XP level 2. HP: 12/24 MP: 4/7
   348 | D:1      | Learned a level 2 spell: Song of Slaying
   351 | D:1      | Learned a level 2 spell: Swiftness
   376 | D:1      | Reached skill level 3 in Long Blades
   707 | D:1      | Reached XP level 3. HP: 24/29 MP: 1/8
  1580 | D:2      | Reached skill level 4 in Long Blades
  1585 | D:2      | Noticed Jessica
  1595 | D:2      | Killed Jessica
  1596 | D:2      | Reached XP level 4. HP: 17/36 MP: 8/10
  1600 | D:2      | Learned a level 3 spell: Call Canine Familiar
  1926 | D:2      | Found a shadowy altar of Dithmenos.
  2068 | D:2      | Reached skill level 3 in Spellcasting
  2632 | D:3      | HP: 4/54 [something/puff of flame (8)]
  2634 | D:3      | Reached XP level 5. HP: 4/42 MP: 11/11
  3097 | D:3      | Reached skill level 3 in Fighting
  3376 | D:3      | Found an ornate altar of the Wu Jian Council.
  3475 | D:3      | Reached skill level 5 in Long Blades
  3475 | D:3      | Reached XP level 6. HP: 48/51 MP: 12/12
  3553 | D:2      | Learned a level 3 spell: Spectral Weapon
  4207 | D:4      | Noticed Menkaure
  4306 | D:4      | Killed Menkaure
  4307 | D:4      | Reached skill level 4 in Fighting
  4307 | D:4      | Reached skill level 6 in Long Blades
  4307 | D:4      | Reached XP level 7. HP: 22/59 MP: 12/13
  5148 | D:4      | Reached skill level 4 in Spellcasting
  5253 | D:5      | Entered Level 5 of the Dungeon
  5261 | D:5      | Reached skill level 1 in Armour
  5531 | D:5      | Got a jewelled hunting sling
  5565 | D:5      | Reached skill level 2 in Dodging
  5596 | D:5      | Found Viaklusei's General Store.
  5600 | D:5      | Bought a scroll of identify for 28 gold pieces
  5600 | D:5      | Bought a potion of resistance for 140 gold pieces
  5600 | D:5      | Identified the +8 hunting sling "Fajarch" {velocity, rC+
                  | rN+ MR- Str+3} (You found it on level 5 of the Dungeon)
  5606 | D:5      | Learned a level 2 spell: Flaming Arrows
  5961 | D:5      | Reached XP level 8. HP: 59/66 MP: 16/16
  6345 | D:6      | Reached skill level 1 in Slings
  6345 | D:6      | Reached skill level 2 in Armour
  6503 | D:6      | Reached skill level 5 in Fighting
  6503 | D:6      | Reached skill level 3 in Dodging
  6545 | D:6      | Found a staircase to the Ecumenical Temple.
  6549 | D:6      | Reached skill level 2 in Slings
  6554 | Temple   | Entered the Ecumenical Temple
  6614 | Temple   | Became a worshipper of Hepliaklqana the Forgotten
  6703 | D:6      | Reached skill level 3 in Armour
  6770 | D:6      | Noticed a hippogriff
  6776 | D:6      | Killed a hippogriff
  6777 | D:6      | Reached skill level 3 in Slings
  6818 | D:6      | Reached skill level 4 in Slings
  6887 | D:6      | Noticed a troll
  6890 | D:6      | Reached XP level 9. HP: 65/67 MP: 17/17
  6896 | D:6      | Killed a troll
  6897 | D:6      | Reached skill level 6 in Fighting
  6984 | D:6      | Found a burning altar of Makhleb.
  7048 | D:6      | Reached skill level 5 in Slings
  7064 | D:6      | Found an opulent altar of Gozag.
  7822 | D:7      | Found a glowing golden altar of the Shining One.
  8029 | D:7      | Reached skill level 6 in Slings
  8271 | D:7      | Found a sparkling altar of Nemelex Xobeh.
  8311 | D:7      | Reached * piety under Hepliaklqana
  8527 | D:8      | Noticed a two-headed ogre
  8585 | D:8      | Noticed Psyche
  8585 | D:8      | Noticed a troll
  8766 | D:7      | Killed Psyche
  8767 | D:7      | Reached skill level 7 in Fighting
  8767 | D:7      | Reached skill level 5 in Spellcasting
  9070 | D:7      | Killed a troll
  9071 | D:7      | Reached XP level 10. HP: 77/77 MP: 19/19
  9075 | D:7      | Learned a level 3 spell: Ozocubu's Armour
  9079 | D:7      | Learned a level 3 spell: Regeneration
  9145 | D:8      | Reached skill level 7 in Slings
  9531 | D:8      | Killed a two-headed ogre
  9532 | D:8      | Reached skill level 8 in Fighting
  9610 | D:8      | Reached skill level 8 in Slings
  9734 | D:8      | Noticed Prince Ribbit
  9743 | D:8      | Killed Prince Ribbit
  9797 | D:8      | Identified the +3 rapier "Comouh" {protect, Int+4}
  9843 | D:8      | Reached skill level 4 in Armour
  9843 | D:8      | Reached skill level 4 in Dodging
 10104 | D:8      | Noticed a two-headed ogre
 10107 | D:8      | Reached skill level 5 in Armour
 10107 | D:8      | Reached skill level 5 in Dodging
 10125 | D:8      | Killed a two-headed ogre
 10126 | D:8      | Reached XP level 11. HP: 70/85 MP: 11/20
 10403 | D:8      | Found a staircase to the Lair.
 10777 | D:8      | Reached skill level 9 in Fighting
 10787 | D:8      | Reached skill level 9 in Slings
 10948 | D:8      | Noticed a two-headed ogre
 10962 | D:8      | Killed a two-headed ogre
 11014 | Lair:1   | Entered Level 1 of the Lair of Beasts
 11354 | Lair:1   | Reached ** piety under Hepliaklqana
 11355 | Lair:1   | Remembered your ancestor Necuametl as a knight
 12356 | Lair:2   | Reached *** piety under Hepliaklqana
 12384 | Lair:2   | Reached skill level 10 in Fighting
 12393 | Lair:2   | Reached skill level 10 in Slings
 12484 | Lair:2   | Noticed an oklob plant
 12519 | Lair:2   | Killed an oklob plant
 12671 | Lair:2   | Reached XP level 12. HP: 96/96 MP: 18/21
 12846 | Lair:2   | Found a staircase to the Shoals.
 13432 | Lair:3   | Reached skill level 11 in Fighting
 13446 | Lair:3   | Reached skill level 11 in Slings
 13601 | Lair:3   | Got a slimy ring mail
 13886 | Lair:3   | Reached skill level 6 in Armour
 14164 | Lair:3   | Reached skill level 7 in Armour
 14990 | Lair:4   | Reached skill level 8 in Armour
 15079 | Lair:4   | Reached **** piety under Hepliaklqana
 15103 | Lair:4   | Found a hole to the Spider Nest.
 15167 | Lair:4   | Found the +2 hat of the Bear Spirit {Spirit, +Rage rN+
                  | MR++}
 15303 | Lair:4   | Reached skill level 9 in Armour
 15400 | Lair:4   | Identified the +3 ring mail "Jigeniah" {rN+ Str+6 Dex+4}
                  | (You found it on level 3 of the Lair of Beasts)
 15774 | Lair:5   | Reached skill level 1 in Short Blades
 15776 | Lair:5   | Reached XP level 13. HP: 104/104 MP: 17/22
 15817 | Lair:5   | Reached skill level 2 in Short Blades
 15840 | Lair:5   | Reached skill level 3 in Short Blades
 15995 | Lair:5   | Found a staircase to the Slime Pits.
 15995 | Lair:5   | Found a viscous altar of Jiyva.
 16123 | Lair:5   | Reached skill level 4 in Short Blades
 16249 | Lair:5   | Reached skill level 5 in Short Blades
 16308 | Lair:5   | Reached ***** piety under Hepliaklqana
 17162 | Lair:6   | Entered Level 6 of the Lair of Beasts
 17355 | Lair:6   | Reached skill level 12 in Fighting
 17666 | Lair:6   | Reached skill level 6 in Spellcasting
 17944 | Lair:6   | Reached skill level 13 in Fighting
 17944 | Lair:6   | Reached XP level 14. HP: 107/116 MP: 4/25
 18115 | Lair:6   | Reached skill level 6 in Dodging
 18234 | Lair:6   | Reached skill level 7 in Dodging
 18492 | Lair:6   | Reached skill level 8 in Dodging
 18704 | Lair:6   | Noticed a dire elephant
 18718 | Lair:6   | Killed a dire elephant
 18823 | Lair:6   | Found a large runed door.
 18823 | Lair:6   | Found a large runed door.
 19383 | Lair:6   | Found a burning altar of Makhleb.
 19393 | Lair:6   | Reached skill level 9 in Dodging
 19513 | Lair:6   | Reached skill level 1 in Evocations
 19755 | D:8      | Upgraded the game from bcrawl-1.35.4 to bcrawl-1.35.4b
 19820 | D:9      | Found a corrupted altar of Lugonu.
 19886 | D:9      | Noticed Nergalle
 19905 | D:9      | Killed Nergalle
 19906 | D:9      | Reached skill level 2 in Evocations
 20026 | D:9      | Found a transporter.
 20107 | D:9      | Found a transporter.
 20253 | D:9      | Reached skill level 3 in Evocations
 20637 | D:10     | Entered Level 10 of the Dungeon
 20665 | D:10     | Reached skill level 4 in Evocations
 20891 | D:10     | Reached skill level 5 in Evocations
 21268 | D:10     | Reached skill level 6 in Evocations
 21294 | D:10     | Found the +5 scythe "Finisher" {speed, eviscerate}
 21783 | D:11     | Reached skill level 1 in Polearms
 21856 | D:11     | Reached skill level 2 in Polearms
 22053 | D:11     | Reached skill level 3 in Polearms
 22146 | D:11     | Found a sparkling altar of Nemelex Xobeh.
 22305 | D:11     | Reached skill level 4 in Polearms
 22305 | D:11     | Reached XP level 15. HP: 116/121 MP: 26/26
 22413 | D:11     | Reached skill level 5 in Polearms
 22445 | D:11     | Found a staircase to the Orcish Mines.
 22796 | D:12     | Entered Level 12 of the Dungeon
 22840 | D:12     | Reached skill level 6 in Polearms
 23004 | D:12     | Reached skill level 7 in Polearms
 23232 | D:12     | Reached skill level 8 in Polearms
 23286 | D:12     | Found a staircase to the Depths.
 23442 | D:12     | Found a gate to the Vaults.
 23649 | D:12     | Reached skill level 9 in Polearms
 23699 | D:12     | Found a portal to a secret trove of treasure.
 23967 | Orc      | Entered the Orcish Mines
 24731 | Orc      | Reached skill level 10 in Polearms
 25024 | Orc      | Reached ****** piety under Hepliaklqana
 25196 | Orc      | Found a staircase to the Elven Halls.
 25201 | Orc      | Found a roughly hewn altar of Beogh.
 25279 | Orc      | Found a runed translucent door.
 25280 | Orc      | Noticed t4s4d4r's ghost (journeyman OnGl)
 25353 | Orc      | Found Iloepiett's Distillery.
 25353 | Orc      | Found Molyl's Antique Weapon Shoppe.
 25354 | Orc      | Found Zoibif's Magic Scroll Shoppe.
 25359 | Orc      | Found Lul Xawa's Book Emporium.
 25370 | Orc      | Bought a potion of haste for 180 gold pieces
 25370 | Orc      | Bought a potion of haste for 180 gold pieces
 25370 | Orc      | Bought a potion of curing for 45 gold pieces
 25370 | Orc      | Bought a potion of curing for 45 gold pieces
 25370 | Orc      | Bought a potion of invisibility for 144 gold pieces
 25370 | Orc      | Bought a potion of curing for 45 gold pieces
 25370 | Orc      | Bought a potion of lignification for 54 gold pieces
 25372 | Orc      | Bought a scroll of fear for 70 gold pieces
 25372 | Orc      | Bought a scroll of teleportation for 42 gold pieces
 25698 | Shoals:1 | Entered Level 1 of the Shoals
 25863 | Shoals:1 | Reached skill level 11 in Polearms
 26352 | Shoals:1 | Noticed a kraken
 26377 | Shoals:1 | Killed a kraken
 26635 | Shoals:1 | Reached XP level 16. HP: 41/128 MP: 7/27
 26639 | Shoals:1 | HP: 17/128 [merfolk impaler/+0 trident (18)]
 26665 | Shoals:1 | Reached skill level 12 in Polearms
 27457 | Shoals:2 | Reached skill level 13 in Polearms
 27773 | Shoals:2 | Found Bieqas Osib's Armour Shoppe.
 27781 | Shoals:2 | Bought a +2 cloak of poison resistance for 259 gold pieces
 27921 | Spider:1 | Entered Level 1 of the Spider Nest
 28483 | Spider:1 | Got a slimy scale mail
 28549 | Spider:1 | Reached skill level 7 in Spellcasting
 29477 | Spider:1 | Learned a level 5 spell: Summon Lightning Spire
 29483 | Spider:1 | Learned a level 5 spell: Summon Mana Viper
 29491 | Spider:2 | Reached skill level 14 in Polearms
 29601 | Spider:2 | Reached skill level 8 in Spellcasting
 29759 | Spider:2 | Reached XP level 17. HP: 129/135 MP: 31/31
 30088 | Spider:2 | Reached skill level 14 in Fighting
 30097 | Spider:2 | Identified the +3 scale mail of the Armadillo {Slay+2} (You
                  | found it on level 1 of the Spider Nest)
 30355 | Spider:3 | Entered Level 3 of the Spider Nest
 30503 | Spider:3 | Found a frozen archway.
 30524 | IceCv    | Entered an ice cave
 31074 | IceCv    | Noticed an Ice Fiend
 31087 | IceCv    | Killed an Ice Fiend
 31108 | IceCv    | Reached skill level 9 in Spellcasting
 31275 | IceCv    | Got an ichor-stained great mace
 31371 | IceCv    | Reached skill level 1 in Invocations
 31507 | Spider:3 | Identified the +8 great mace of Inquiry {crush, rF+ SInv
                  | Stlth+} (You found it in an ice cave)
 31668 | Spider:3 | Reached skill level 2 in Invocations
 31731 | Spider:3 | Reached skill level 3 in Invocations
 31835 | Spider:3 | Reached skill level 7 in Evocations
 31836 | Spider:3 | Reached skill level 4 in Invocations
 31879 | Spider:3 | Learned a level 5 spell: Lee's Rapid Deconstruction
 31906 | Spider:3 | Reached skill level 5 in Invocations
 31993 | Spider:3 | Reached skill level 6 in Invocations
 32117 | Spider:3 | Reached skill level 7 in Invocations
 32203 | Spider:3 | HP: 20/136 [something (8)]
 32966 | Spider:3 | Got a gossamer rune of Zot
 33228 | Shoals:2 | Reached XP level 18. HP: 144/144 MP: 33/33
 33281 | Shoals:2 | Reached skill level 15 in Polearms
 33594 | Shoals:2 | Identified the ring "Qaoryo" {+Fly rPois rC- MR+}
 33688 | Shoals:3 | Entered Level 3 of the Shoals
 34036 | Shoals:3 | Reached skill level 16 in Polearms
 34400 | Shoals:3 | HP: 14/144 [water nymph/the raging water (19)]
 34403 | Shoals:3 | Killed from afar by a water nymph

Skill      XL: |  1  2  3  4  5  6  7  8  9 10 11 12 13 14 15 16 17 18 |
---------------+-------------------------------------------------------+-----
Long Blades    | 3 4 5 6 |  6.1
Spellcasting   | 3 4 5 6 8 9 |  9.0
Fighting       | 3 4 5 7 8 10 11 13 14 | 14.0
Armour         | 1 3 5 9 |  9.3
Dodging        | 2 3 5 9 |  9.2
Slings         | 4 6 8 10 11 | 11.0
Short Blades   | 1 5 |  5.9
Evocations     | 6 7 |  7.0
Polearms       | 4 11 14 16 | 16.1
Invocations    | 7 |  7.0
Conjurations   | |  9.0
Hexes          | |  9.0
Charms         | |  9.0
Summonings     | |  9.0
Necromancy     | |  9.0
Translocations | |  9.0
Transmutations | |  9.0
Fire Magic     | |  9.0
Ice Magic      | |  9.0
Air Magic      | |  9.0
Earth Magic    | |  9.0
Poison Magic   | |  9.0

Action                   |  1- 3 |  4- 6 |  7- 9 | 10-12 | 13-15 | 16-18 || total
-------------------------+-------+-------+-------+-------+-------+-------++-------
Melee: Long sword        |    84 |   148 |   184 |    74 |       |       ||   490
       Headbutt          |     9 |    13 |    31 |    54 |   114 |    89 ||   310
       Bite              |     6 |    15 |    16 |    32 |    52 |    55 ||   176
       Rapier            |       |       |       |   197 |   283 |       ||   480
       Scythe            |       |       |       |       |   217 |   431 ||   648
 Fire: Blowgun           |       |     3 |       |    33 |     6 |       ||    42
       Hunting sling     |       |       |    52 |   179 |   382 |   347 ||   960
Throw: Tomahawk          |       |       |       |     1 |    23 |    38 ||    62
 Cast: Infusion          |    11 |    17 |    13 |    11 |    21 |     8 ||    81
       Song of Slaying   |     9 |    17 |    14 |    13 |    36 |    28 ||   117
       Call Canine Famil |       |     5 |     6 |     7 |    12 |       ||    30
       Spectral Weapon   |       |     5 |     5 |    23 |    31 |     9 ||    73
       Swiftness         |       |     1 |       |       |       |       ||     1
       Flaming Arrows    |       |       |    11 |    25 |    34 |    27 ||    97
       Ozocubu's Armour  |       |       |       |     8 |    17 |     2 ||    27
       Regeneration      |       |       |       |     6 |     6 |    15 ||    27
       Summon Lightning  |       |       |       |       |       |    14 ||    14
       Summon Mana Viper |       |       |       |       |       |    14 ||    14
Invok: Recall Ancestor   |       |       |       |     4 |     5 |     2 ||    11
       Ancestor Life: Kn |       |       |       |     1 |       |       ||     1
       Ancestor Identity |       |       |       |     1 |       |       ||     1
       Transference      |       |       |       |       |       |     1 ||     1
Evoke: Wand              |       |       |       |     1 |     8 |    12 ||    21
       Phial of floods   |       |       |       |       |       |     1 ||     1
  Use: Scroll            |     4 |     6 |     6 |     5 |     8 |     9 ||    38
       Potion            |       |     1 |       |     1 |     1 |    14 ||    17
 Stab: Distracted        |       |       |     1 |     2 |     5 |     9 ||    17
       Petrified         |       |       |       |       |     2 |       ||     2
  Eat: Chunk             |     5 |    16 |    21 |    37 |    52 |    34 ||   165
       Ration            |       |       |     1 |     1 |     4 |     6 ||    12
Armor: Leather armour    |     9 |    13 |       |    36 |       |       ||    58
       Ring mail         |       |     8 |    62 |    77 |   192 |   225 ||   564
Dodge: Dodged            |    35 |    64 |    84 |   198 |   345 |   388 ||  1114
Block: Other             |     3 |    38 |    30 |    88 |   146 |   167 ||   472
       Reflection        |       |       |     2 |     4 |    14 |    14 ||    34

Levels and vault maps discovered:
D:1:      dpeg_arrival_boxorama, layout_basic, skrybe_limestone_x
D:2:      layout_basic, nicolae_dithmenos_through_a_glass_darkly, uniq_jessica,
          uniq_crazy_yiuf_cottage
D:3:      layout_loops_ring, nzn_wu_jian_contemplation
D:4:      minmay_octagon_keep, layout_basic, first_ration, uniq_menkaure
D:5:      layout_gridville, serial_shops, shop, minmay_quadrilaterals
D:6:      layout_loops_ring, overflow_temple_1_default,
          lemuel_coloured_pillars_altar, minmay_temple_entry_junction,
          nrook_uturn
D:7:      layout_basic, nemelex_altar_shiori, tso_metal_star
D:8:      layout_rooms, erik_lair_island, uniq_prince_ribbit1, uniq_psyche
D:9:      gammafunk_steamed_eel, layout_loops_ring, old_standard_altar,
          uniq_nergalle
D:10:     layout_long_grid, blue_anna_alchemist [blue_anna_fruit_fields,
          blue_anna_fruit_fields], minmay_guarded_unrand_finisher
D:11:     layout_roguey, erik_orc_4, serial_undead, serial_undead_b,
          serial_undead_d, serial_undead_c, serial_undead_c, serial_undead_e,
          nemelex_diamond_rough_becter
D:12:     gammafunk_enter_depths_forms, layout_basic, ximxim_vaults_locker_room,
          chequers_serial_rivers_small_3, enter_trove_1, spider_trap,
          minmay_tree_intersection
Temple:   nicolae_temple_x_marks_the_god
Lair:1:   layout_regular_city, grunt_megastairs_1, lemuel_fruit_tree
Lair:2:   layout_regular_city, minmay_shoals_entry_hut, serial_bayou_shore_a,
          minmay_lair_oklob_chamber, grunt_megastairs_3
Lair:3:   layout_concentric_octagons, beast_lair_carwin_3
Lair:4:   layout_roguey, spider_nest_entry_funnel_web,
          chequers_serial_rivers_micro_b, st_stairs_8
Lair:5:   layout_small_grid, slime_altar_1, serial_bayou, serial_bayou_ford_a,
          serial_bayou_crossing, serial_bayou_pond_b, serial_bayou_pond_b,
          grunt_forest_stairs_clearing, grunt_megastairs_5
Lair:6:   evil_forest, layout_long_grid, infiniplex_staircase_pool
Shoals:1: layout_shoals
Shoals:2: layout_shoals, serial_shops, nicolae_shop_crystal
Shoals:3: shoals_end_simple, layout_shoals, shoals_ilsuiw_alternative,
          nicolae_shoals_loop_pool
Spider:1: layout_spider_delve, spider_trap, hangedman_spider_tarantella_strand
Spider:2: layout_spider_delve, guppyfry_spider_mini_1
Spider:3: guppyfry_spider_rune, portal_ice_cave_entry_pillars_three,
          spiders_nest_the_unseen
Orc:      st_orc_mages, layout_caves, ebering_ghost_inner_flame, basic_altar

Table legend:
 A = Turns spent in this place as a percentage of turns spent in the entire game.
 B = Non-inter-level travel turns spent in this place as a percentage of non-inter-level travel turns spent in the entire game.
 C = Inter-level travel turns spent in this place as a percentage of turns spent in this place.
 D = Turns resting spent in this place as a percentage of non-inter-level travel turns spent in this place.
 E = Turns spent auto-exploring this place as a percentage of non-inter-level travel turns spent in this place.
 F = Non-inter-level travel turns spent in this place divided by the number of levels of this place that you've seen.
                   A       B       C       D       E      F
               +-------+-------+-------+-------+-------+----------------------
         Total | 100.0 | 100.0 |   5.3 |  21.6 |  54.6 | 1206.4
       Dungeon |  45.2 |  44.8 |   6.2 |  19.5 |  57.7 | 1216.7
        Temple |   0.2 |   0.2 |  12.3 |   0.0 |  86.0 |  57.0
          Lair |  26.0 |  25.8 |   6.1 |  11.9 |  70.9 | 1399.7
        Shoals |   9.4 |   9.6 |   3.3 |  38.0 |  31.9 | 1044.3
   Spider Nest |  12.2 |  12.3 |   4.4 |  29.6 |  41.1 | 1340.0
  Orcish Mines |   4.1 |   4.3 |   1.4 |  20.4 |  50.3 | 1387.0
      Ice Cave |   2.8 |   3.0 |   0.0 |  53.9 |   0.0 | 977.0
               +-------+-------+-------+-------+-------+----------------------

Table legend:
 A = Kills in this place as a percentage of kills in entire the game.
 B = Kills by you in this place as a percentage of kills by you in the entire game.
 C = Kills by friends in this place as a percentage of kills by friends in the entire game.
 D = Other kills in this place as a percentage of other kills in the entire game.
 E = Experience gained in this place as a percentage of experience gained in the entire game.
 F = Experience gained in this place divided by the number of levels of this place that you have seen.
                   A       B       C       D       E      F
               +-------+-------+-------+-------+-------+----------------------
         Total | 100.0 | 100.0 | 100.0 | 100.0 | 100.0 | 10057.3
       Dungeon |  39.3 |  41.9 |  28.6 | 100.0 |  18.0 | 4076.4
          Lair |  18.4 |  17.3 |  22.6 |   0.0 |  21.7 | 9816.3
        Shoals |  10.7 |  11.0 |  10.1 |   0.0 |  21.9 | 19867.0
   Spider Nest |  20.7 |  19.7 |  25.1 |   0.0 |  31.9 | 28843.7
  Orcish Mines |   8.3 |   7.7 |  10.6 |   0.0 |   3.6 | 9689.0
      Ice Cave |   2.6 |   2.5 |   3.0 |   0.0 |   2.9 | 7910.0
               +-------+-------+-------+-------+-------+----------------------
